 Dungeon Crawl Stone Soup version 0.22.1-1-ga44c0e5 (webtiles) character file.

9723 MTVSty1e the Cleaver (level 11, -3/81 HPs)
             Began as a Gargoyle Fighter on Oct 24, 2018.
             Was a High Priest of Okawaru.
             Killed from afar by a starcursed mass (7 damage)
             ... with an accursed screaming
             ... on level 2 of the Abyss.
             The game lasted 00:21:46 (13173 turns).

MTVSty1e the Cleaver (Gargoyle Fighter)            Turns: 13173, Time: 00:21:47

Health: -3/81      AC: 29    Str: 19    XL:     11   Next: 50%
Magic:  2/3        EV:  7    Int: 11    God:    Okawaru [*****.]
Gold:   345        SH:  4    Dex: 13    Spells: 10/10 levels left

rFire    . . .     SeeInvis .   H - +2 executioner's axe "Duucooc" {antimagic, rElec rN+ Dex+4 Stlth-}
rCold    . . .     Gourm    .   (shield currently unavailable)
rNeg     + + +     Faith    .   s - +8 chain mail of the Carpenter {rN+ MR++ Str-4 Slay+3}
rPois    ∞         Spirit   .   h - +1 helmet
rElec    +         Reflect  +   v - +0 cloak
rCorr    .         Harm     .   (no gloves)
MR       +++..                  C - +0 pair of boots
Stlth    ..........             G - +4 amulet of reflection
HPRegen  0.23/turn              y - ring of protection from magic
MPRegen  0.08/turn              (no ring)

@: no status effects
A: talons 1, clever 1, mutation resistance 1, negative energy resistance 1,
robust 1, electricity resistance, unbreathing, petrification resistance, rot
immunity, AC +8
a: Heroism, Finesse, Renounce Religion


You were on level 2 of the Abyss.
You worshipped Okawaru.
Okawaru was extremely pleased with you.
You were not hungry.

You visited 2 branches of the dungeon, and saw 11 of its levels.
You visited the Abyss 1 time.
You also visited: Sewer.

You collected 669 gold pieces.
You spent 324 gold pieces at shops.

Inventory:

Hand Weapons
 a - a +1 war axe of chopping
 u - a +0 hand axe of chopping
 F - a +3 scimitar of flaming
 H - the +2 executioner's axe "Duucooc" (weapon) {antimagic, rElec rN+ Dex+4 Stlth-}
   (You acquired it on level 2 of the Abyss)

   It reduces the magical energy of the wielder, and disrupts the spells and
   magical abilities of those hit.
   Natural abilities and divine invocations are not affected.
   It affects your dexterity (+4).
   It insulates you from electricity.
   It protects you from negative energy.
   It makes you less stealthy.
Armour
 b - a +0 plate armour
 c - a +0 shield
 h - a +1 helmet (worn)
 l - +0 acid dragon scales
 s - the +8 chain mail of the Carpenter (worn) {rN+ MR++ Str-4 Slay+3}
   (You found it on level 10 of the Dungeon)

   It affects your strength (-4).
   It affects your accuracy and damage with ranged weapons and melee attacks
   (+3).
   It protects you from negative energy.
   It affects your resistance to hostile enchantments.
 v - a +0 cloak (worn)
 C - a +0 pair of boots (worn)
Jewellery
 e - an uncursed ring of poison resistance {unknown}
 y - a ring of protection from magic (left hand)
 G - a +4 amulet of reflection (around neck)
Wands
 q - a wand of flame (31)
 x - a wand of digging (22)
Scrolls
 d - 8 scrolls of remove curse
 n - 6 scrolls of teleportation
 o - a scroll of enchant weapon
 p - a scroll of identify
 r - 3 scrolls of fog
 D - a scroll of blinking
 E - 2 scrolls of amnesia
Potions
 g - a potion of might
 i - 5 potions of flight
 j - 4 potions of curing
 k - a potion of invisibility
 m - 2 potions of magic
 w - a potion of haste
 z - a potion of agility
 A - a potion of mutation
 B - a potion of cancellation
Comestibles
 f - 14 rations


   Skills:
 + Level 11.5 Fighting
 * Level 13.0 Axes
 - Level 3.2 Armour
 - Level 3.2 Shields


You had 10 spell levels left.
You didn't know any spells.
Your spell library contained the following spells:

 Spells                   Type           Power        Failure   Level  Hunger
 Confusing Touch          Hex            #.....       99%         1    ##.....
 Magic Dart               Conj           #...         99%         1    ##.....
 Searing Ray              Conj           #.....       99%         2    ###....
 Confuse                  Hex            #.......     100%        3    ####...
 Dazzling Spray           Conj/Hex       #.....       100%        3    ####...
 Gell's Gravitas          Tloc           #.........   100%        3    ####...
 Force Lance              Conj/Tloc      #.......     100%        4    #####..
 Fulminant Prism          Conj/Hex       #.........   100%        4    #####..
 Iskenderun's Mystic Bla  Conj           #.......     100%        4    #####..
 Petrify                  Tmut/Erth      #.......     100%        4    #####..
 Bolt of Magma            Conj/Fire/Erth #.........   100%        5    ######.
 Iskenderun's Battlesphe  Conj/Chrm      #.......     100%        5    ######.
 Metabolic Englaciation   Hex/Ice        #.........   100%        5    ######.
 Venom Bolt               Conj/Pois      #.........   100%        5    ######.
 Yara's Violent Unravell  Hex/Tmut       #.........   100%        5    ######.
 Iron Shot                Conj/Erth      #.........   100%        6    #######
 Orb of Destruction       Conj           #.........   100%        7    #######
 Spellforged Servitor     Conj/Summ      #.........   100%        7    #######


Dungeon Overview and Level Annotations

Branches:
Dungeon (10/15)            Temple (1/1) D:6            Lair (0/6) D:8
    Orc (0/2) D:9

Altars:
Ashenzari
Cheibriados
Dithmenos
Elyvilon
Fedhas
Gozag
Hepliaklqana
Kikubaaqudgha
Makhleb
Nemelex Xobeh
Okawaru
Qazlal
Ru
Sif Muna
Trog
Uskayaw
Vehumet
Wu Jian
Xom
Yredelemnul
Zin
The Shining One

Shops:
D:9 =

Annotations:
D:6 3 runed doors, Mesmaeker13's ghost, novice OpFE; bmj180's ghost, novice TrFi
D:10 Sonja


Innate Abilities, Weirdness & Mutations

You are resistant to torment.
Your stone body is resilient. (AC +8)
You are immune to poison.
You resist negative energy. (rN+)
You are resistant to electric shocks. (rElec)
You can survive without breathing.
You are immune to petrification.
You are immune to rotting.
You have sharp toenails.
Your mind is acute. (Int +2)
You are somewhat resistant to further mutation.
You are robust. (+10% HP)


Message History

The ancient zyme is heavily damaged.
The ancient zyme hits you but does no damage. x2
You slash the ancient zyme!
The ancient zyme is severely damaged.
The ancient zyme hits you but does no damage.
You block the ancient zyme's attack. The ancient zyme hits you.
* * * LOW HITPOINT WARNING * * *
The ancient zyme hits you but does no damage.
You slash the ancient zyme!
The ancient zyme is almost destroyed.
The ancient zyme hits you but does no damage.
The ancient zyme hits you.
* * * LOW HITPOINT WARNING * * *
A starcursed mass comes into view.
You hit the ancient zyme.
You destroy the ancient zyme!
Okawaru accepts your kill.
A starcursed mass splits.
A chorus of shrieks assaults your mind.
You die...

# ##### #
...#X##.#.# .#
#..X.@#....#
#.##.#.#....#
#........# ..
.#....#....# .
#.#.#.#....#....
###.###... '....
.. #...##. ..
##### ...# ...
#.. ... .# ...


You could see 2 starcursed masses.

Vanquished Creatures
  Erica (D:8)
  A thrashing horror (Abyss:2)
  A smoke demon (Abyss:2)
  Joseph (D:7)
  A komodo dragon (D:8)
  2 ancient zymes (Abyss:2)
  A ynoxinul (Abyss:2)
  4 yaks
  5 wyverns
  A basilisk (D:8)
  A human (D:7)
  3 hogs (D:7)
  Menkaure (D:5)
  An acid dragon (D:8)
  A large abomination (Abyss:2)
  6 orc warriors
  An ice beast (D:8)
  3 sky beasts
  A necrophage (D:9)
  6 ogres
  2 centaurs
  A big kobold (D:9)
  5 bullfrogs
  An earth elemental (Abyss:2)
  A scorpion (D:9)
  2 small abominations (Abyss:2)
  A wyvern skeleton (D:7)
  5 killer bees (D:8)
  7 wights
  2 howler monkeys (D:4)
  10 electric eels
  5 crimson imps
  A bullfrog zombie (D:5)
  3 jellies
  A hound (D:9)
  An orc priest (D:9)
  Crazy Yiuf (D:4)
  A centaur skeleton (D:6)
  2 iguanas
  An iron imp (Abyss:2)
  11 orc wizards
  A merfolk siren (Sewer)
  4 worker ants
  A merfolk avatar (Sewer)
  A hound skeleton (D:9)
  A worker ant zombie (D:6)
  9 gnolls
  13 adders
  2 river rats (D:3)
  A shadow imp (D:8)
  An adder zombie (D:5)
  2 oozes
  An adder skeleton (D:4)
  2 worms
  2 dart slugs (D:1)
  5 leopard geckos
  41 orcs
  8 giant cockroaches
  10 goblins
  7 hobgoblins
  9 jackals
  8 quokkas
  4 ball pythons
  14 bats
  14 frilled lizards
  16 kobolds
  2 leopard gecko skeletons
  2 quokka skeletons
  A quokka zombie (D:5)
  29 rats
  A lurking horror (Abyss:2)
  2 plants (D:7)
320 creatures vanquished.

Vanquished Creatures (others)
  An adder (D:9)
  A plant (D:7)
  3 withered plants (D:6)
5 creatures vanquished.

Grand Total: 325 creatures vanquished

Notes
Turn   | Place    | Note
-------+----------+-------------------------------------------
     0 | D:1      | MTVSty1e the Gargoyle Fighter began the quest for the Orb.
     0 | D:1      | Reached XP level 1. HP: 14/14 MP: 1/1
    17 | D:1      | Reached skill level 2 in Axes
   106 | D:1      | Reached XP level 2. HP: 18/19 MP: 2/2
   471 | D:1      | Reached XP level 3. HP: 24/24 MP: 3/3
   729 | D:1      | Reached skill level 3 in Axes
  1080 | D:2      | Reached XP level 4. HP: 28/29 MP: 4/4
  1197 | D:2      | Found a shattered altar of Ashenzari.
  1633 | D:2      | Found a hide-covered altar of Uskayaw.
  1638 | D:2      | Found an iron altar of Okawaru.
  1787 | D:3      | Found a glowing drain.
  1922 | Sewer    | Entered a sewer
  2301 | Sewer    | Reached XP level 5. HP: 34/34 MP: 5/5
  2313 | Sewer    | Reached skill level 4 in Axes
  2417 | Sewer    | Noticed a malarious merfolk avatar
  2455 | Sewer    | Killed a malarious merfolk avatar
  2714 | D:3      | Reached XP level 6. HP: 36/40 MP: 6/6
  2731 | D:3      | Reached skill level 5 in Fighting
  2849 | D:3      | Found a white marble altar of Elyvilon.
  2915 | D:3      | Reached skill level 5 in Axes
  3289 | D:4      | Found an ornate altar of the Wu Jian Council.
  3321 | D:4      | Reached XP level 7. HP: 36/44 MP: 7/7
  3660 | D:4      | Found an opulent altar of Gozag.
  4117 | D:4      | Found a runed door.
  4121 | D:4      | Noticed Crazy Yiuf
  4130 | D:4      | Paralysed by Crazy Yiuf for 6 turns
  4137 | D:4      | Killed Crazy Yiuf
  4137 | D:4      | Reached skill level 6 in Axes
  4385 | D:5      | Entered Level 5 of the Dungeon
  4503 | D:5      | Found a shadowy altar of Dithmenos.
  4924 | D:5      | Reached XP level 8. HP: 47/52 MP: 8/8
  5055 | D:5      | Noticed Menkaure
  5062 | D:5      | Killed Menkaure
  5062 | D:5      | Reached skill level 7 in Axes
  5901 | D:6      | Found a staircase to the Ecumenical Temple.
  5910 | Temple   | Entered the Ecumenical Temple
  6243 | D:2      | Became a worshipper of Warmaster Okawaru
  6509 | D:6      | Found a runed gate.
  6509 | D:6      | Found a runed gate.
  6511 | D:6      | Found a runed gate.
  6512 | D:6      | Noticed Mesmaeker13's ghost (novice OpFE)
  6806 | D:6      | Reached skill level 8 in Axes
  6941 | D:6      | Noticed bmj180's ghost (novice TrFi)
  7350 | D:7      | Reached XP level 9. HP: 54/58 MP: 9/9
  7541 | D:7      | Reached * piety under Okawaru
  7746 | D:7      | Reached skill level 9 in Axes
  8163 | D:7      | Noticed Joseph
  8184 | D:7      | Killed Joseph
  8496 | D:7      | Reached ** piety under Okawaru
  8496 | D:7      | Reached skill level 10 in Axes
  8510 | D:7      | Reached XP level 10. HP: 40/66 MP: 10/10
  9464 | D:7      | Reached *** piety under Okawaru
  9871 | D:8      | Reached skill level 11 in Axes
  9897 | D:8      | Gained mutation: You have sharp toenails. [potion of
                  | mutation]
  9897 | D:8      | Gained mutation: Your mind is acute. (Int +2) [potion of
                  | mutation]
  9897 | D:8      | Gained mutation: You are somewhat resistant to further
                  | mutation. [potion of mutation]
  9897 | D:8      | Gained mutation: You are robust. (+10% HP) [potion of
                  | mutation]
 10108 | D:8      | Found a glowing silver altar of Zin.
 10206 | D:8      | Reached skill level 10 in Fighting
 10350 | D:8      | Reached **** piety under Okawaru
 10887 | D:8      | Found a staircase to the Lair.
 11285 | D:8      | Noticed Erica
 11306 | D:8      | Killed Erica
 11500 | D:9      | Reached skill level 12 in Axes
 11560 | D:9      | Reached XP level 11. HP: 65/80 MP: 11/11
 11762 | D:9      | Reached ***** piety under Okawaru
 11943 | D:9      | Found a staircase to the Orcish Mines.
 11981 | D:9      | Found Assoesow's Jewellery Shoppe.
 11986 | D:9      | Bought a +4 amulet of reflection for 324 gold pieces
 12554 | D:10     | Entered Level 10 of the Dungeon
 12722 | D:10     | Got a slimy chain mail
 12723 | D:10     | Identified the +8 chain mail of the Carpenter {rN+ MR++
                  | Str-4 Slay+3} (You found it on level 10 of the Dungeon)
 12763 | D:10     | Noticed Sonja
 12767 | D:10     | Cast into level 2 of the Abyss (Sonja)
 12829 | Abyss:2  | Noticed a starcursed mass
 12934 | Abyss:2  | Noticed a tentacled starspawn
 12939 | Abyss:2  | Noticed a thrashing horror
 12943 | Abyss:2  | Found a corrupted altar of Lugonu.
 12943 | Abyss:2  | Noticed a green draconian shifter
 13039 | Abyss:2  | Noticed a thrashing horror
 13054 | Abyss:2  | Killed a thrashing horror
 13087 | Abyss:2  | Identified a scroll of acquirement
 13088 | Abyss:2  | Got a shimmering executioner's axe
 13089 | Abyss:2  | Identified the +2 executioner's axe "Duucooc" {antimagic,
                  | rElec rN+ Dex+4 Stlth-} (You acquired it on level 2 of the
                  | Abyss)
 13156 | Abyss:2  | Reached skill level 13 in Axes
 13172 | Abyss:2  | HP: 4/81 [ancient zyme (4)]
 13172 | Abyss:2  | Noticed a starcursed mass
 13173 | Abyss:2  | Killed from afar by a starcursed mass

Skill      XL: |  1  2  3  4  5  6  7  8  9 10 11 |
---------------+----------------------------------+-----
Axes           | 2 3 4 5 6 8 10 12 13 | 13.0
Fighting       | 4 5 6 7 9 10 11 | 11.5
Armour         | |  3.2
Shields        | |  3.2

Action                   |  1- 3 |  4- 6 |  7- 9 | 10-12 || total
-------------------------+-------+-------+-------+-------++-------
Melee: War axe           |   161 |   275 |   343 |   328 ||  1107
       Hand axe          |       |       |    42 |       ||    42
       Executioner's axe |       |       |       |    12 ||    12
Invok: Heroism           |       |       |       |     2 ||     2
       Finesse           |       |       |       |     1 ||     1
  Use: Scroll            |     3 |     7 |     8 |    14 ||    32
       Potion            |       |     1 |     1 |     5 ||     7
  Eat: Chunk             |       |     6 |     2 |     6 ||    14
       Ration            |       |     1 |     4 |     3 ||     8
Armor: Scale mail        |   125 |   154 |   179 |       ||   458
       Plate armour      |       |       |    85 |    88 ||   173
       Acid dragon scale |       |       |       |    51 ||    51
       Chain mail        |       |       |       |    68 ||    68
Dodge: Dodged            |    66 |    74 |    77 |    62 ||   279
Block: Shield            |   106 |   115 |   169 |   147 ||   537
       Other             |       |       |       |     6 ||     6
       Reflection        |       |       |       |     4 ||     4
